 Dungeon Crawl Stone Soup version 0.18-a0-1145-g178b0c7 (webtiles) character file.

57 Ijustatesigmund the Skirmisher (level 3, -2/43 HPs)
             Began as a Demonspawn Abyssal Knight on Jan 22, 2016.
             Was a Follower of Lugonu.
             Succumbed to a goblin's poison
             ... on level 2 of the Dungeon.
             The game lasted 00:05:01 (1985 turns).

Ijustatesigmund the Skirmisher (DsAK)               Turns: 1985, Time: 00:05:01

Health: -2/43      AC: 21    Str: 12    XL:     3   Next: 73%
Magic:  5/5        EV:  2    Int: 15    God:    Lugonu [*.....]
Gold:   131        SH:  0    Dex: 13    Spells: 0 memorised, 2 levels left

rFire  . . .     SeeInvis .     a - +1 mace
rCold  . . .     Gourm    .     (armour currently unavailable)
rNeg   + + +     Faith    .     (no shield)
rPois  +         Spirit   .     (helmet currently unavailable)
rElec  .         Dismiss  .     (cloak currently unavailable)
rCorr  .         Reflect  .     (gloves currently unavailable)
SustAt .         Harm     .     (boots currently unavailable)
MR     +....     NoTele   +     (no amulet)
Stlth  +.........               k - +2 ring of intelligence
                                h - ring of protection from magic

@: lethally poisoned (-2 -> -33), tree-form, somewhat resistant to hostile
enchantments, very unstealthy
A: (large bone plates 0)
a: Depart the Abyss, Renounce Religion


You were on level 2 of the Dungeon.
You worshipped Lugonu.
Lugonu was aware of your devotion.
You were not hungry.
You were a tree.
You visited 1 branch of the dungeon, and saw 2 of its levels.
You visited the Abyss 1 time.

You collected 131 gold pieces.

Inventory:

Hand Weapons
 a - a +1 mace (weapon)
Armour
 d - a +0 ring mail (melded)
 g - a +1 pair of gloves (melded)
Jewellery
 h - a ring of protection from magic (left branch)
 k - a +2 ring of intelligence (right branch)
Scrolls
 e - 2 scrolls of remove curse
Potions
 f - 2 potions of brilliance
Comestibles
 c - a bread ration
 j - a meat ration
 n - a chunk of flesh


   Skills:
 + Level 3.4 Fighting
 * Level 3.1 Maces & Flails
 - Level 1.7 Armour
 - Level 0.8 Dodging
 + Level 3.1 Invocations


You had 2 spell levels left.
You didn't know any spells.

Dungeon Overview and Level Annotations

Branches:
Dungeon (2/15)

Altars:

Annotations:
D:2 Robin


Innate Abilities, Weirdness & Mutations

((You are partially covered in large bone plates (AC +2, SH +2).))


Message History

* * * LOW HITPOINT WARNING * * *
You feel sick. The goblin hits you but does no damage.
You are more poisoned.
Drink which item? (? for menu, Esc to quit)
You turn into a tree.
Your +1 pair of gloves melds into your body.
Your +0 ring mail melds into your body.
Your roots penetrate the ground.
* * * LOW HITPOINT WARNING * * *
You feel very sick. The goblin hits you but does no damage.
You are more poisoned.
You miss the goblin.
The goblin is moderately wounded.
* * * LOW HITPOINT WARNING * * *
You feel very sick. The goblin hits you but does no damage.
You hit the goblin.
You kill the goblin!
Lugonu accepts your kill.
You die...

########### #.........#
#.#######.# ######### #.# #.#
#.......# #.# #.# #.#####.#
####.# #.#
#)#####<##########§...#######.##
#.##.........§§♣§g§...#.......<.
#.##.##.##########§##.#.#####...
#(##.##.# #§##...# ####
#.......# #g###### ####.#### #.#
#.# #g# #.# #g# #.# #g# #.#
#gg.#


You could see a goblin.

Vanquished Creatures
  Ijyb (D:2)
  A worm (D:2)
  5 bats
  A giant cockroach (D:1)
  5 goblins
  2 hobgoblins (D:1)
  4 jackals (D:1)
  2 kobolds
  2 giant newts
  4 rats
27 creatures vanquished.

Notes
Turn   | Place    | Note
--------------------------------------------------------------
     0 | Abyss:1  | Ijustatesigmund the Demonspawn Abyssal Knight began the quest for the Orb.
     0 | Abyss:1  | Reached XP level 1. HP: 18/18 MP: 2/2
   134 | Abyss:1  | Noticed a thrashing horror
   134 | D:1      | Escaped the Abyss
   350 | D:1      | Gained mutation: You are partially covered in large bone plates (AC +2, SH +2). [demonic ancestry]
   350 | D:1      | Reached XP level 2. HP: 10/24 MP: 3/3
   699 | D:1      | Reached * piety under Lugonu
  1493 | D:2      | Reached XP level 3. HP: 8/29 MP: 5/5
  1857 | D:2      | Noticed Ijyb
  1875 | D:2      | Killed Ijyb
  1967 | D:2      | Noticed Robin
  1984 | D:2      | HP: 1/43 [poisoned by a goblin]
  1985 | D:2      | Succumbed to a goblin's poison

Vault maps used:
D:1:      dpeg_arrival_rooms_b, kennysheep_small_spiral, st_stairs_6
D:2:      uniq_iyjb, uniq_robin

Action                   || total
-------------------------++-------
Melee: Mace              ||   122
Invok: Depart the Abyss  ||     1
  Use: Scroll            ||    10
       Potion            ||     3
  Eat: Chunk             ||     4
